 Dungeon Crawl Stone Soup version 0.28.0-1-gb440e238dd (webtiles) character file.

Game seed: 18336153373472886837

81781 pkoi the Destroyer (level 15, -26/112 HPs)
             Began as a Pale Draconian Conjurer on Feb 24, 2022.
             Was a High Priest of Sif Muna.
             Killed from afar by Frances (34 damage)
             ... with an iron shot
             ... on level 12 of the Dungeon.
             The game lasted 01:04:55 (41991 turns).

pkoi the Destroyer (Pale Draconian Conjurer)       Turns: 41991, Time: 01:04:56

Health: -26/112    AC: 20    Str: 14    XL:     15   Next: 27%
Magic:  21/30      EV: 17    Int: 26    God:    Sif Muna [*****.]
Gold:   1342       SH:  0    Dex: 10    Spells: 11/36 levels left

rFire   + . .      SeeInvis .   G - +7 captain's cutlass {speed, disarm}
rCold   + + .      Faith    .   (no shield)
rNeg    . . .      Spirit   .   (armour unavailable)
rPois   .          Reflect  .   o - +1 hat "Hirumui" {rElec rF+ Int+2}
rElec   +          Harm     .   L - +2 cloak {rC+}
rCorr   .          Rampage  .   v - +5 pair of gloves of the Thunderstorm {rC+ Str+3}
Will    +....                   z - +0 pair of boots
Stlth   ++........              K - amulet of magic regeneration
HPRegen 0.28/turn               r - +4 ring of evasion
MPRegen 0.62/turn               B - ring of wizardry

@: spiked, forested
A: breathe steam, AC +9, unfitting armour, cold-blooded, steam resistance
a: Breathe Steam, Renounce Religion, Channel Magic, Forget Spell, Divine
Exegesis


You were on level 12 of the Dungeon.
You worshipped Sif Muna.
Sif Muna was extremely pleased with you.
You visited 3 branches of the dungeon, and saw 19 of its levels.
You also visited: Ice Cave.

You collected 1491 gold pieces.
You spent 149 gold pieces at shops.

Inventory:

Hand Weapons
 a - the +6 mace of the Present {vamp, Int+3}
   (You found it on level 7 of the Dungeon)

   It occasionally heals its wielder for a portion of the damage dealt when it
   wounds a living foe.
   Int:       It affects your intelligence (+3).
 G - the +7 captain's cutlass (weapon) {speed, disarm}
   (You found it on level 6 of the Lair of Beasts)

   Attacks with this weapon are significantly faster.
   It may disarm weapon-wielding foes when striking them, dealing extra damage
   in the process.
Missiles
 y - a throwing net
 A - 7 curare-tipped darts
Armour
 o - the +1 hat "Hirumui" (worn) {rElec rF+ Int+2}
   (You acquired it on level 8 of the Dungeon)

   Int:       It affects your intelligence (+2).
   rF:        It protects you from fire.
   rElec:     It insulates you from electricity.
 v - the +5 pair of gloves of the Thunderstorm (worn) {rC+ Str+3}
   (You found it on level 7 of the Dungeon)

   Str:       It affects your strength (+3).
   rC:        It protects you from cold.
 z - a +0 pair of boots (worn)
 H - the +3 pair of gauntlets of War {Slay+5}
   (You acquired it on level 8 of the Dungeon)

   Slay:      It affects your accuracy & damage with ranged weapons and melee
   (+5).
 L - a +2 cloak of cold resistance (worn)
Jewellery
 f - a ring of ice
 g - a ring of see invisible
 r - a +4 ring of evasion (left hand)
 u - a +6 ring of dexterity
 B - a ring of wizardry (right hand)
 K - an amulet of magic regeneration (around neck)
Wands
 i - a wand of polymorph (31)
 n - a wand of flame (45)
 s - a wand of iceblast (15)
 I - a wand of mindburst (12)
Scrolls
 c - a scroll of identify
 k - 3 scrolls of blinking
 m - 3 scrolls of brand weapon
 x - 6 scrolls of teleportation
 F - a scroll of magic mapping
 J - a scroll of fog
 O - a scroll of fear {unknown}
Potions
 b - a potion of berserk rage
 d - 5 potions of mutation {unknown}
 h - 2 potions of magic
 j - 4 potions of haste
 l - 8 potions of curing
 p - 4 potions of heal wounds
 q - a potion of cancellation
 t - 5 potions of might
 w - a potion of flight
 C - 2 potions of resistance
 E - a potion of invisibility {unknown}
Miscellaneous
 M - a condenser vane


   Skills:
 + Level 4.9 Fighting
 + Level 4.5 Short Blades
 + Level 4.6 Dodging
 - Level 1.7 Stealth
 + Level 11.4 Spellcasting
 - Level 13.6 Conjurations
 + Level 11.3 Summonings
 - Level 9.2 Translocations
 - Level 6.0 Air Magic
 - Level 9.0 Invocations


You had 11 spell levels left.
You knew the following spells:

 Your Spells              Type           Power      Damage    Failure   Level
a - Magic Dart            Conj           100%       1d8       0%          1
b - Searing Ray           Conj           100%       2d8       0%          2
c - Iskenderun's Mystic   Conj/Tloc      65%        2d13      1%          4
d - Blink                 Tloc           100%       N/A       1%          2
e - Static Discharge      Conj/Air       60%        N/A       1%          2
f - Summon Forest         Summ/Tloc      31%        N/A       1%          5
g - Call Canine Familiar  Summ           65%        N/A       1%          3
h - Summon Cactus Giant   Summ           32%        N/A       2%          6

Your spell library contained the following spells:

 Spells                   Type           Power      Damage    Failure   Level
 Beastly Appendage        Tmut           28%        N/A       1%          1
 Foxfire                  Conj/Fire      100%       2x1d9     1%          1
 Freeze                   Ice            56%        1d7       1%          1
 Summon Small Mammal      Summ           100%       N/A       1%          1
 Call Imp                 Summ           65%        N/A       1%          2
 Poisonous Vapours        Pois/Air       60%        N/A       1%          2
 Dazzling Flash           Conj/Hex       100%       N/A       1%          3
 Portal Projectile        Hex/Tloc       78%        N/A       1%          3
 Fulminant Prism          Conj/Hex       25%        3d14      1%          4
 Hailstorm                Conj/Ice       50%        3d11      1%          4
 Ensorcelled Hibernation  Hex/Ice        28%        N/A       2%          2
 Wereblood                Tmut           14%        N/A       2%          2
 Frozen Ramparts          Ice            28%        1d4       4%          3
 Spider Form              Tmut/Pois      14%        N/A       4%          3
 Summon Mana Viper        Hex/Summ       44%        N/A       4%          5
 Silence                  Hex/Air        15%        N/A       13%         5
 Anguish                  Hex/Necr       7%         N/A       16%         4
 Ice Form                 Ice/Tmut       14%        N/A       16%         4
 Leda's Liquefaction      Hex/Erth       7%         N/A       16%         4
 Agony                    Necr           14%        N/A       38%         5
 Simulacrum               Ice/Necr       7%         N/A       91%         6
 Animate Armour           Summ/Erth      Unusable   N/A       N/A         4

Dungeon Overview and Level Annotations

Branches:
Dungeon (12/15)            Temple (1/1) D:5            Lair (6/6) D:10
  Swamp (0/4) Lair:3        Snake (0/4) Lair:2        Slime (0/5) Lair:6
    Orc (0/2) D:10          IceCv (visited)

Altars:
Ashenzari
Cheibriados
Dithmenos
Elyvilon
Fedhas
Gozag
Hepliaklqana
Kikubaaqudgha
Makhleb
Nemelex Xobeh
Okawaru
Qazlal
Ru
Sif Muna
Trog
Uskayaw
Vehumet
Wu Jian
Xom
Yredelemnul
Zin
The Shining One
Jiyva

Shops:
D:3 (   D:5 =[**

Portals:
Trove: D:11 (give 5 scrolls of fog)

Annotations:
D:4 2 transporters, BigDaddyOpFi's ghost, amateur GrFi
D:12 Frances


Innate Abilities, Weirdness & Mutations

You can breathe blasts of scalding, opaque steam.
Your pale cyan-grey scales are hard. (AC +9)
You cannot fit into any form of body armour.
You are cold-blooded and may be slowed by cold attacks.
You are immune to the effects of steam.


Message History

What are your orders? t - Shout!
Orders for allies: a - Attack new target. p - Attack previous target. r - Retreat! s - Stop attacking. g - Guard the area. f - Follow me.
Anything else - Cancel.
Gang up on whom?
Press: ? - help, Dir - move target, f/p - Frances
Aim: Frances, wielding a +2 dire flail of protection and wearing a +0 chain mail (heavily wounded, fast, ally target) Attack!
The forest calms down.
Frances misses you.
The red devil hits you with a +0 demon trident.
* * * LOW HITPOINT WARNING * * *
Barbed spikes become lodged in your body.
Your dryad barely misses the red devil.
Your warg closely misses the red devil.
Unknown command.
Unknown command.
You hit Frances but do no damage.
Your tail-slap misses Frances.
Frances is heavily wounded.
Frances hits you with a +2 dire flail of protection!
* * * LOW HITPOINT WARNING * * *
Your dryad completely misses the red devil.
The red devil hits you with a +0 demon trident.
* * * LOW HITPOINT WARNING * * *
Barbed spikes become lodged in your body.
Your cactus giant hits Frances with a +0 giant spiked club!
Your warg completely misses the red devil.
You feel much better. Frances misses you.
Your warg completely misses the red devil.
The red devil hits you with a +0 demon trident!
* * * LOW HITPOINT WARNING * * *
Barbed spikes become lodged in your body.
Your dryad misses the red devil.
Frances hits you with a +2 dire flail of protection!
* * * LOW HITPOINT WARNING * * *
Casting: Searing Ray (safe; 0% risk of failure)
Confirm with . or Enter, or press ? or * to list all spells.
You blink.
Your warg closely misses the red devil.
Frances screams a word of power!
The iron shot hits you!!
You die...

....#.........## #♣....##...#...
...[#........♣.# ♣♣.♣.##....#...
....#..........♣ ♣♣....##...##...
....##..........#♣...h♣#.........
.....'..........#♣..R.##......<..
.....#............@4C............
.....#..##.......♣.....♣.........
.....#..##....♣#..........(♣.....
.....#... ...>##@................
.....#.....................♣.....
+#####......#♣+#♣♣♣♣###♣######...
....... ...


You could see Frances (fast, ally target), a red devil (summoned), a friendly
dryad (summoned), a friendly cactus giant (summoned) and a friendly warg
(summoned).

Vanquished Creatures
  A vault guard (D:11)
  2 hydras
  3 two-headed ogres
  A harpy (Lair:6)
  A manticore (Lair:6)
  2 elephants
  A black mamba (Lair:1)
  A gargoyle (D:8)
  An ice statue (IceCv)
  2 torpor snails
  8 cane toads
  A nameless horror (Lair:6)
  2 rime drakes
  11 komodo dragons
  An anaconda simulacrum (IceCv)
  3 trolls
  A hornet (Lair:6)
  A polar bear (Lair:4)
  A dire elephant simulacrum (IceCv)
  9 wyverns
  6 basilisks
  21 yaks
  A steam dragon (D:10)
  A warg (D:10)
  An acid dragon (D:8)
  7 water moccasins
  6 orc warriors
  2 black bears (D:6)
  2 necrophages
  8 centaurs
  3 ogres
  A kobold brigand (D:9)
  3 phantoms
  14 bullfrogs
  3 scorpions (D:6)
  A cane toad simulacrum (IceCv)
  5 two-headed ogre simulacra (IceCv)
  An elephant simulacrum (IceCv)
  10 killer bees
  An electric eel (Lair:3)
  2 howler monkeys (D:8)
  4 centaur zombies
  2 jellies
  A bullfrog skeleton (D:6)
  A hound (D:7)
  5 orc priests
  A centaur skeleton (D:4)
  3 gnoll shamans
  2 hell rats (Lair:4)
  An iguana (D:6)
  Natasha (thrice) (D:2)
  7 orc wizards
  A scorpion zombie (D:5)
  2 troll simulacra (IceCv)
  6 spriggan simulacra (IceCv)
  A wolf simulacrum (IceCv)
  A killer bee zombie (D:8)
  2 howler monkey zombies
  4 adders
  16 gnolls
  3 naga simulacra (IceCv)
  A shadow imp (D:6)
  3 white imps
  2 ufetubi
  A worm (D:5)
  2 dart slugs
  19 orcs
  2 ball pythons
  9 endoplasms
  5 giant cockroaches
  5 goblins
  8 hobgoblins
  2 jackals (D:1)
  4 quokkas
  3 frilled lizards
  11 kobolds
  6 rats
301 creatures vanquished.

Vanquished Creatures (collateral kills)
  A merfolk avatar (Lair:6)
  A boulder beetle (Lair:4)
  3 hydras
  6 death yaks
  5 bog bodies
  A harpy (Lair:6)
  A cyclops (D:11)
  4 manticores
  6 elephants
  2 black mambas
  A centaur zombie (D:11)
  11 cane toads
  4 komodo dragons
  An anaconda simulacrum (IceCv)
  5 rime drakes
  3 polar bears
  A wind drake (Lair:6)
  6 blink frogs
  2 dire elephant simulacra (IceCv)
  12 yaks
  2 wraiths (D:11)
  3 fire bats (Lair:4)
  3 nameless horrors
  4 basilisks
  4 wyverns
  A death yak simulacrum (IceCv)
  A steam dragon (Lair:6)
  2 harpy simulacra (IceCv)
  A swamp worm (Lair:3)
  2 vampire mosquitoes (D:11)
  3 water moccasins
  2 bullfrogs
  2 two-headed ogre simulacra (IceCv)
  A cane toad simulacrum (IceCv)
  2 killer bees (D:11)
  An elephant simulacrum (IceCv)
  4 hell rats (Lair:4)
  3 troll simulacra (IceCv)
  2 polar bear simulacra (IceCv)
  4 spriggan simulacra (IceCv)
  A wolf simulacrum (IceCv)
  2 gnolls (D:11)
  A naga simulacrum (IceCv)
  2 white imps (IceCv)
  An ufetubus (IceCv)
130 creatures vanquished.

Vanquished Creatures (others)
  A quokka (D:5)
  A bush (D:5)
  78 fungi
  109 plants
  8 snaplasher vines
197 creatures vanquished.

Grand Total: 628 creatures vanquished

Notes
Turn   | Place    | Note
-------+----------+-------------------------------------------
     0 | D:1      | pkoi the Draconian Conjurer began the quest for the Orb.
     0 | D:1      | Reached XP level 1. HP: 14/14 MP: 3/3
   799 | D:1      | Reached XP level 2. HP: 20/20 MP: 0/5
  1248 | D:1      | Found a faded altar of an unknown god.
  1257 | D:1      | Got Plato's Guide on Fire
  1911 | D:2      | Noticed Natasha
  1918 | D:2      | Killed Natasha
  1919 | D:2      | Reached skill level 5 in Conjurations
  1919 | D:2      | Reached XP level 3. HP: 24/26 MP: 0/6
  2743 | D:2      | Learned a level 2 spell: Searing Ray
  3005 | D:2      | Noticed Natasha
  3011 | D:2      | Killed Natasha
  3012 | D:2      | Reached XP level 4. HP: 33/33 MP: 0/7
  3316 | D:2      | Noticed Natasha
  3320 | D:2      | Killed Natasha
  3321 | D:2      | Reached skill level 6 in Conjurations
  3464 | D:3      | Found a broken altar of Ashenzari.
  3546 | D:3      | Found Zonis's Antique Weapon Shoppe.
  3926 | D:3      | Found a shimmering altar of Xom.
  3933 | D:3      | Found a bloodstained altar of Trog.
  4340 | D:3      | Reached XP level 5. HP: 38/38 MP: 5/8
  4691 | D:4      | Noticed a phantom
  4703 | D:4      | Killed a phantom
  4966 | D:4      | Noticed BigDaddyOpFi's ghost (amateur GrFi)
  5021 | D:4      | Reached skill level 7 in Conjurations
  5181 | D:4      | Found a basalt altar of Yredelemnul.
  5533 | D:4      | Learned a level 4 spell: Iskenderun's Mystic Blast
  5625 | D:4      | Found a transporter.
  5695 | D:4      | Found a transporter.
  5734 | D:5      | Entered Level 5 of the Dungeon
  5814 | D:5      | Reached XP level 6. HP: 45/45 MP: 4/9
  6164 | D:5      | Reached skill level 1 in Translocations
  6643 | D:5      | Found a staircase to the Ecumenical Temple.
  6651 | D:5      | Found Xylum's Jewellery Boutique.
  6678 | Temple   | Entered the Ecumenical Temple
  6742 | Temple   | Became a worshipper of Sif Muna the Loreminder
  6777 | D:5      | Found a white marble altar of Elyvilon.
  6836 | D:5      | Found a blossoming altar of Fedhas.
  6961 | D:5      | Found Woebum's Armour Shoppe.
  7048 | D:5      | Reached skill level 1 in Invocations
  7048 | D:5      | Your scales start taking on a pale cyan-grey colour.
  7048 | D:5      | Reached XP level 7. HP: 5/50 MP: 5/10
  7048 | D:5      | Gained mutation: You are immune to the effects of steam.
                  | [Pale Draconian growth]
  7412 | D:5      | Reached skill level 8 in Conjurations
  7549 | D:5      | Found Luuhyaso's General Store.
  7554 | D:5      | Bought a scroll of blinking for 105 gold pieces
  7826 | D:5      | Found Xilieq's Assorted Antiques.
  8278 | D:5      | Bought a scroll labelled VUUN XEXONGE for 22 gold pieces
  8278 | D:5      | Bought a scroll labelled WUAQIOLIHI for 22 gold pieces
  8583 | D:6      | Noticed a cyclops
  8911 | D:7      | Identified the +6 mace of the Present {vamp, Int+3}
  9579 | D:7      | Reached XP level 8. HP: 56/57 MP: 6/11
  9856 | D:7      | Identified the +5 pair of gloves of the Thunderstorm {rC+
                  | Str+3}
 10893 | D:8      | Reached * piety under Sif Muna
 10894 | D:8      | Reached skill level 9 in Conjurations
 10894 | D:8      | Reached skill level 5 in Translocations
 11205 | D:8      | Reached skill level 5 in Invocations
 11688 | D:8      | Noticed a gargoyle
 11716 | D:8      | Killed a gargoyle
 11717 | D:8      | Reached XP level 9. HP: 52/62 MP: 9/13
 11755 | D:8      | Identified 2 scrolls of acquirement
 11755 | D:8      | Acquired the +1 hat "Hirumui" {rElec rF+ Int+2}
 11762 | D:8      | Acquired the +3 pair of gauntlets of War {Slay+5}
 11762 | D:8      | Found the +3 pair of gauntlets of War {Slay+5}
 12969 | D:6      | Reached skill level 10 in Conjurations
 13478 | D:6      | Found a glowing golden altar of the Shining One.
 14826 | D:9      | Found a hazy altar of Hepliaklqana.
 14875 | D:9      | Reached XP level 10. HP: 64/69 MP: 15/15
 15003 | D:9      | Acquired The Foundations of Casting
 15008 | D:9      | Learned a level 2 spell: Blink
 15011 | D:9      | Learned a level 2 spell: Static Discharge
 15028 | D:10     | Entered Level 10 of the Dungeon
 15134 | D:10     | Reached ** piety under Sif Muna
 15433 | D:10     | Reached skill level 1 in Air Magic
 16258 | D:10     | Noticed a two-headed ogre
 16320 | D:10     | Found a staircase to the Orcish Mines.
 16899 | D:10     | Noticed a two-headed ogre
 16921 | D:10     | Killed a two-headed ogre
 16922 | D:10     | Reached skill level 5 in Spellcasting
 17184 | D:10     | Reached skill level 11 in Conjurations
 17565 | D:10     | Found a staircase to the Lair.
 17994 | D:10     | Killed a two-headed ogre
 18573 | Lair:1   | Entered Level 1 of the Lair of Beasts
 18934 | D:10     | Reached XP level 11. HP: 55/74 MP: 14/19
 20561 | Lair:1   | Identified the ring of Ekhoh {rN+ Will+ rCorr Int-4 Dex+3}
 20878 | Lair:1   | Reached skill level 5 in Air Magic
 21943 | Lair:2   | Noticed a seven-headed hydra
 21964 | Lair:2   | Killed a seven-headed hydra
 23192 | Lair:2   | Found a staircase to the Snake Pit.
 23685 | Lair:2   | Reached skill level 12 in Conjurations
 25419 | Lair:3   | Learned a level 5 spell: Summon Forest
 25437 | Lair:3   | Reached XP level 12. HP: 55/81 MP: 14/23
 25646 | Lair:3   | Reached skill level 1 in Summonings
 26479 | Lair:3   | Learned a level 3 spell: Call Canine Familiar
 26844 | Lair:3   | Found a staircase to the Swamp.
 27025 | Lair:4   | Reached *** piety under Sif Muna
 27095 | Lair:4   | Reached skill level 13 in Conjurations
 27177 | Lair:4   | Noticed a four-headed hydra
 27192 | Lair:4   | Killed a four-headed hydra
 27534 | Lair:4   | Noticed a boulder beetle
 27541 | Lair:4   | HP: 1/81 [boulder beetle (10)]
 28059 | Lair:4   | Reached skill level 5 in Summonings
 28358 | Lair:4   | Learned a level 6 spell: Summon Cactus Giant
 28424 | Lair:4   | Killed a boulder beetle
 29057 | Lair:4   | Reached XP level 13. HP: 81/86 MP: 21/26
 30958 | Lair:5   | Reached skill level 10 in Spellcasting
 31278 | Lair:6   | Entered Level 6 of the Lair of Beasts
 32596 | Lair:6   | Reached **** piety under Sif Muna
 33993 | Lair:6   | Reached skill level 10 in Summonings
 34994 | Lair:6   | Found the +7 captain's cutlass {speed, disarm}
 35342 | Lair:6   | Found a viscous altar of Jiyva.
 35342 | Lair:6   | Found a staircase to the Slime Pits.
 35873 | D:11     | Reached skill level 1 in Fighting
 35976 | D:11     | Reached XP level 14. HP: 96/96 MP: 14/29
 36205 | D:11     | Reached skill level 1 in Short Blades
 37143 | D:11     | Found a shimmering altar of Xom.
 37720 | D:11     | Found a portal to a secret trove of treasure.
 37873 | D:12     | Found a frozen archway.
 37882 | IceCv    | Entered an ice cave
 41057 | IceCv    | Reached ***** piety under Sif Muna
 41343 | IceCv    | Got the Catalogue of Creative Toxins
 41732 | D:12     | Reached XP level 15. HP: 111/111 MP: 30/30
 41973 | D:12     | Noticed Frances
 41991 | D:12     | Killed from afar by Frances

Illustrated notes

Levels and vault maps discovered:
D:1:      mrwooster_arrival_statue_3, layout_basic,
          shapermc_ecumenical_altar_rom_forum, chequers_serial_rivers_micro_a
D:2:      layout_basic, kennysheep_another_room, uniq_natasha
D:3:      layout_loops_corners, amcnicky_altar_gilded,
          amethyst_overflow_temple_binary, serial_shops,
          nicolae_shop_hallway_stairs
D:4:      layout_loops_ring, nicolae_overflow_crystal_walls,
          gammafunk_ghost_stat_death
D:5:      layout_loops_corners, fedhas_altar_decomposition, elyvilon_altar_4,
          minmay_temple_entry_enclosed_plants, serial_shops, shop,
          nicolae_inconvenience_store, shop, nicolae_shop_trees
D:6:      minmay_opposing_rooms, layout_rooms,
          mainiacjoe_overflow_six_doors_small
D:7:      layout_basic
D:8:      layout_loops_corners, grunt_decor_mini_mirrors
D:9:      layout_basic, mainiacjoe_overflow_chevrons
D:10:     layout_irregular_city, erik_lair_dragon, erik_orc_3,
          serial_column_ruins, column_ruins_hut, column_ruins_corridor_straight,
          column_ruins_open_small, column_ruins_open_small,
          column_ruins_corridor_straight, hangedman_decor_diamond_cutter
D:11:     layout_layer_cave, enter_trove_5, tgw_xom
D:12:     layout_stronghold, portal_ice_cave_entry_pillars_1,
          hangedman_weighted_door, nicolae_two_hexagons, uniq_frances
Temple:   zaba_magenta_temple
Lair:1:   layout_hall_layers, lemuel_old_faithful, grunt_megastairs_3
Lair:2:   layout_long_grid, dummy_snake_entry, lemuel_fruit_fields
Lair:3:   layout_big_grid, nicolae_swamp_entry_splash_gauntlet
Lair:4:   layout_gridlike, special_room [special_room_mythical_zoo],
          nicolae_volcano_entry_batcave
Lair:5:   layout_loops_ring, lemuel_fruit_tree
Lair:6:   gammafunk_lair_ancient_temple, layout_cave_pods,
          dpeg_slime_entry_enclosed_altar

Skill      XL: |  1  2  3  4  5  6  7  8  9 10 11 12 13 14 |
---------------+-------------------------------------------+-----
Conjurations   | 5 6 7 8 9 10 11 12 13 | 13.6
Translocations | 2 4 5 7 8 9 |  9.2
Invocations    | 1 3 5 7 8 9 |  9.0
Spellcasting   | 3 5 7 9 11 | 11.4
Air Magic      | 4 6 |  6.0
Summonings     | 6 10 11 | 11.3
Dodging        | 2 4 |  4.6
Fighting       | 1 4 |  4.9
Short Blades   | 4 |  4.5
Stealth        | |  1.7

Action                   |  1- 3 |  4- 6 |  7- 9 | 10-12 | 13-15 || total
-------------------------+-------+-------+-------+-------+-------++-------
Melee: Unarmed           |    35 |       |       |       |       ||    35
       Tailslap          |     3 |     4 |     9 |    12 |    44 ||    72
       Punch             |     2 |       |       |       |     4 ||     6
       Dagger            |     2 |    13 |    13 |       |       ||    28
       Mace              |       |       |    53 |    96 |    90 ||   239
       Cutlass           |       |       |       |       |   150 ||   150
 Cast: Magic Dart        |    64 |    82 |   112 |   140 |    16 ||   414
       Searing Ray       |       |     3 |    36 |    91 |    15 ||   145
       Iskenderun's Myst |       |       |       |    11 |     9 ||    20
       Summon Forest     |       |       |       |    22 |    51 ||    73
       Call Canine Famil |       |       |       |    17 |    46 ||    63
       Summon Cactus Gia |       |       |       |       |    34 ||    34
       Blink             |       |       |       |       |     1 ||     1
Invok: Channel Magic     |       |       |       |       |     1 ||     1
 Abil: Breathe Steam     |       |       |     5 |    30 |     1 ||    36
  Use: Scroll            |     2 |       |     9 |    11 |     5 ||    27
       Potion            |       |       |       |       |     4 ||     4
 Stab: Sleeping          |       |       |     1 |       |       ||     1
       Distracted        |       |       |       |     1 |     2 ||     3
Armor: Skin              |     9 |    15 |    75 |   130 |   157 ||   386
Dodge: Dodged            |    29 |    35 |   164 |   267 |   265 ||   760
